 Dungeon Crawl Stone Soup version 0.28.0 (webtiles) character file.

Game seed: 15093431951496817124

72 danielguo94 the Skirmisher (level 4, 0/29 HPs)
             Began as a Gargoyle Fighter on Feb 8, 2022.
             Slain by a phantom (4 damage)
             ... on level 2 of the Dungeon.
             The game lasted 00:01:32 (1585 turns).

danielguo94 the Skirmisher (Gargoyle Fighter)       Turns: 1585, Time: 00:01:33

Health: 0/29       AC: 12    Str: 22    XL:     4   Next: 26%
Magic:  4/4        EV:  7    Int:  8    God:
Gold:   69         SH:  4    Dex:  9    Spells: 3/3 levels left

rFire   + . .      SeeInvis .   a - +0 flail
rCold   + . .      Faith    .   c - +0 buckler
rNeg    + . .      Spirit   .   e - +0 chain mail
rPois   ∞          Reflect  .   (no helmet)
rElec   +          Harm     .   f - scarf {rC+ rF+}
rCorr   .          Rampage  .   (no gloves)
Will    .....                   (no boots)
Stlth   ..........              (no amulet)
HPRegen 0.09/turn               (no ring)
MPRegen 0.09/turn               (no ring)

@: no status effects
A: sickness immunity, AC +3, negative energy resistance 1, electricity
resistance, torment resistance 1, petrification resistance
a: no special abilities


You were on level 2 of the Dungeon.
You visited 1 branch of the dungeon, and saw 2 of its levels.

You collected 69 gold pieces.

Inventory:

Hand Weapons
 a - a +0 flail (weapon)
Missiles
 g - 5 silver javelins (quivered)
 h - 2 throwing nets
 l - 58 stones
Armour
 c - a +0 buckler (worn)
 e - a +0 chain mail (worn)
 f - a scarf of resistance (worn)
Wands
 i - a wand of polymorph (9)
 n - a wand of iceblast (9)
Scrolls
 b - 2 scrolls of fear {unknown}
 j - a scroll of teleportation {unknown}
Potions
 d - 2 potions of might
 k - a potion of flight {unknown}
 m - a potion of curing {unknown}
 o - a potion of brilliance {unknown}


   Skills:
 + Level 3.9 Fighting
 * Level 3.2 Maces & Flails
 + Level 3.8 Armour
 + Level 3.5 Shields


You had 3 spell levels left.
You didn't know any spells.
Your spell library was empty.

Dungeon Overview and Level Annotations

Branches:
Dungeon (2/15)

Altars:


Innate Abilities, Weirdness & Mutations

You are immune to sickness and miasma.
Your stone body is resilient. (AC +3)
You are immune to poison.
You resist negative energy. (rN+)
You are resistant to electric shocks. (rElec)
You are resistant to unholy torment.
You are immune to petrification.


Message History

The phantom is heavily damaged.
The phantom hits you but does no damage.
Unknown command.
You hit the phantom but do no damage.
The phantom is heavily damaged.
The phantom hits you but does no damage.
The phantom completely misses you.
Unknown command.
You closely miss the phantom.
The phantom is heavily damaged.
The phantom hits you.
Unknown command.
You hit the phantom.
The phantom is heavily damaged.
The phantom hits you.
Unknown command.
You hit the phantom.
The phantom is severely damaged.
The phantom hits you.
You closely miss the phantom.
The phantom is severely damaged.
The phantom hits you but does no damage.
Unknown command.
Unknown command.
You hit the phantom.
The phantom is almost destroyed.
The phantom hits you but does no damage.
The phantom barely misses you.
You hit the phantom.
The phantom is almost destroyed.
The phantom hits you!
You barely miss the phantom.
The phantom is almost destroyed.
The phantom hits you!
* * * LOW HITPOINT WARNING * * *
The phantom blinks!
You blink.
You barely miss the phantom.
The phantom is almost destroyed.
The phantom hits you.
You die...

#.....≈......##...
.
#.###.≈>..≈≈.##.###
#.#.≈≈≈..≈≈.###.#
#.≈≈....≈≈.#.##.#
###≈≈.........#.#
##≈≈≈....##.#
###≈≈≈...#.#
#########.≈.#
#@W......≈≈.#
#.######.#≈## #.#
##### #§# #.# #.#
#.# #.# #.#


You could see a phantom.

Vanquished Creatures
  A gnoll (D:1)
  2 adders (D:2)
  A worm (D:2)
  A dart slug (D:2)
  4 bats
  8 endoplasms
  6 giant cockroaches (D:2)
  A hobgoblin (D:2)
  A quokka (D:1)
  A ball python (D:1)
  3 frilled lizards
  6 kobolds
  5 rats
40 creatures vanquished.

Notes
Turn   | Place    | Note
-------+----------+-------------------------------------------
     0 | D:1      | danielguo94 the Gargoyle Fighter began the quest for the
                  | Orb.
     0 | D:1      | Reached XP level 1. HP: 14/14 MP: 1/1
    63 | D:1      | Reached XP level 2. HP: 8/19 MP: 2/2
   796 | D:1      | Reached XP level 3. HP: 24/24 MP: 3/3
  1149 | D:2      | Reached XP level 4. HP: 29/29 MP: 4/4
  1564 | D:2      | Noticed a phantom
  1585 | D:2      | Slain by a phantom

Illustrated notes

Levels and vault maps discovered:
D:1:      onia_arrival_pyramid, layout_basic, kennysheep_nondescript,
          st_stairs_3
D:2:      layout_basic, basic_altar, kennysheep_pointless_box,
          minmay_hedge_maze, minmay_misc_feat_more_columns,
          chequers_serial_rivers_small_b, kennysheep_big_empty_room,
          grunt_ministairs_3, minmay_worlds_worst_comb

Skill      XL: |  1  2  3 |
---------------+----------+-----
Maces & Flails | 3 |  3.2
Fighting       | |  3.9
Armour         | |  3.8
Shields        | |  3.5

Action                   |  1- 3 |  4- 6 || total
-------------------------+-------+-------++-------
Melee: Flail             |   122 |    66 ||   188
Armor: Scale mail        |     2 |       ||     2
       Chain mail        |    99 |    51 ||   150
Dodge: Dodged            |    57 |    22 ||    79
Block: Buckler           |    27 |    12 ||    39
